[ PARTIDA AOE2 · #493773851 ]
UnrankedIndostaníes vs Lithuanians
Equipo del jugador · DERR
Equipo rival · VICT
[ ANÁLISIS DE REPETICIÓN · EXTRAÍDO DE LA PARTIDA GRABADA ]
Feudal
11:01
Castillos
14:39
Imperial
—
| APM promedio | 23.2 |
| APM pico | 56 |
| eAPM promedio | 11.0 |
| Aldeanos / militares | 51 / 18 |
Foco
⚔️ 26.7% · 🌾 73.3%
Ghulam ×18 · Unknown (1105) ×1
Feudal
10:56
Castillos
14:42
Imperial
—
| APM promedio | 28.0 |
| APM pico | 79 |
| eAPM promedio | 17.4 |
| Aldeanos / militares | 45 / 21 |
Foco
⚔️ 8.7% · 🌾 91.3%
Knight ×12 · Leitis ×5 · Monk ×2 · Petard ×2
Mapa de la partida
Recursos iniciales + cada clic de construcción. Líneas = muros · curvas = relieve. ◆ oro · ⬟ piedra · ● bayas · ✦ reliquia · ◌ hueco del cierre
Tu base· ✓ Cerrada en 14:39 · 0t muro · 2 puerta(s)
Base de Drdolan2· ✓ Cerrada en 14:42 · 0t muro · 2 puerta(s)
Terreno inicial suavizado · ◌ = hueco del cierre detectado · pasá el cursor para detalles
Inputs por minuto
— Nubsinc - - Drdolan2
Build order — Nubsinc
126 acciones detectadas en el replay
| 0:02 | Crear | Villager (Male) |
| 0:02 | Crear | Villager (Male) |
| 0:02 | Crear | Villager (Male) |
| 0:02 | Crear | Villager (Male) |
| 0:02 | Crear | Villager (Male) |
| 0:02 | Crear | Villager (Male) |
| 0:06 | Construir | House |
| 0:08 | Construir | House |
| 1:03 | Crear | Villager (Male) |
| 1:39 | Crear | Villager (Male) |
| 2:10 | Crear | Villager (Male) |
| 2:43 | Construir | Lumber Camp |
| 2:56 | Crear | Villager (Male) |
| 2:56 | Crear | Villager (Male) |
| 2:57 | Crear | Villager (Male) |
| 3:07 | Construir | House |
| 3:08 | Construir | House |
| 3:32 | Crear | Villager (Male) |
| 3:53 | Crear | Villager (Male) |
| 3:53 | Crear | Villager (Male) |
| 4:22 | Crear | Villager (Male) |
| 4:40 | Crear | Villager (Male) |
| 5:09 | Construir | Mining Camp |
| 5:16 | Construir | Mining Camp |
| 5:20 | Crear | Villager (Male) |
| 5:41 | Crear | Villager (Male) |
| 5:41 | Crear | Villager (Male) |
| 6:00 | Construir | Mill |
| 6:46 | Crear | Villager (Male) |
| 7:05 | Crear | Villager (Male) |
| 7:17 | Crear | Villager (Male) |
| 7:26 | Construir | House |
| 7:31 | Crear | Villager (Male) |
| 7:31 | Crear | Villager (Male) |
| 7:46 | Construir | Farm |
| 8:07 | Construir | Farm |
| 8:31 | Construir | Mining Camp |
| 8:36 | Investigar | Feudal Age |
| 8:52 | Construir | Farm |
| 9:01 | Crear | Villager (Male) |
| 9:01 | Crear | Villager (Male) |
| 11:01 | Edad | Edad Feudal |
| 11:05 | Construir | Market |
| 11:10 | Construir | Blacksmith |
| 11:59 | Investigar | Castle Age |
| 12:43 | Investigar | Double-Bit Axe |
| 13:11 | Investigar | Horse Collar |
| 13:45 | Construir | House |
| 14:39 | Edad | Edad de los Castillos |
| 14:46 | Construir | Castle |
| 14:47 | Crear | Villager (Male) |
| 14:48 | Crear | Villager (Male) |
| 14:48 | Crear | Villager (Male) |
| 14:48 | Crear | Villager (Male) |
| 14:48 | Crear | Villager (Male) |
| 14:49 | Crear | Villager (Male) |
| 14:49 | Crear | Villager (Male) |
| 15:58 | Construir | Farm |
| 16:01 | Construir | Farm |
| 16:05 | Construir | Farm |
| 16:07 | Construir | Farm |
| 16:20 | Construir | Siege Workshop |
| 16:28 | Crear | Villager (Male) |
| 16:43 | Crear | Ghulam |
| 16:43 | Crear | Ghulam |
| 16:43 | Crear | Ghulam |
| 16:43 | Crear | Ghulam |
| 16:44 | Crear | Ghulam |
| 16:44 | Crear | Ghulam |
| 16:56 | Investigar | Scale Mail Armor |
| 17:05 | Crear | Villager (Male) |
| 17:07 | Investigar | Gold Mining |
| 17:16 | Construir | Barracks |
| 17:25 | Crear | Ghulam |
| 17:25 | Crear | Ghulam |
| 17:58 | Construir | Farm |
| 18:02 | Crear | Ghulam |
| 18:02 | Crear | Ghulam |
| 18:02 | Crear | Ghulam |
| 18:12 | Construir | Farm |
| 18:30 | Construir | Farm |
| 18:35 | Construir | Farm |
| 18:39 | Construir | Farm |
| 18:40 | Crear | Villager (Male) |
| 18:43 | Crear | Ghulam |
| 18:43 | Crear | Ghulam |
| 18:43 | Crear | Ghulam |
| 18:51 | Construir | Farm |
| 19:16 | Construir | Lumber Camp |
| 19:36 | Construir | Lumber Camp |
| 19:38 | Crear | Villager (Male) |
| 19:39 | Crear | Villager (Male) |
| 19:42 | Investigar | Wheelbarrow |
| 19:45 | Crear | Ghulam |
| 19:45 | Crear | Ghulam |
| 20:18 | Crear | Unit 1105 |
| 20:26 | Investigar | Forging |
| 21:00 | Investigar | Chain Mail Armor |
| 21:07 | Crear | Villager (Male) |
| 21:07 | Crear | Villager (Male) |
| 21:12 | Construir | House |
| 21:13 | Construir | House |
| 21:14 | Construir | House |
| 21:15 | Construir | House |
| 21:46 | Crear | Ghulam |
| 21:46 | Crear | Ghulam |
| 21:48 | Crear | Villager (Male) |
| 21:49 | Construir | Farm |
| 21:53 | Crear | Villager (Male) |
| 22:40 | Crear | Villager (Male) |
| 22:40 | Crear | Villager (Male) |
| 22:41 | Crear | Villager (Male) |
| 22:41 | Crear | Villager (Male) |
| 22:41 | Crear | Villager (Male) |
| 22:50 | Construir | Town Center |
| 23:01 | Construir | Town Center |
| 23:09 | Crear | Villager (Male) |
| 23:09 | Crear | Villager (Male) |
| 23:11 | Construir | Farm |
| 23:33 | Investigar | Bow Saw |
| 23:41 | Construir | Farm |
| 23:44 | Crear | Villager (Male) |
| 23:53 | Construir | Stone Wall |
| 23:59 | Construir | House |
| 24:29 | Construir | Monastery |
| 24:43 | Construir | Stone Wall |
Build order — Drdolan2
Primeras 150 de 173 acciones detectadas
| 0:01 | Crear | Villager (Male) |
| 0:02 | Construir | House |
| 0:05 | Construir | House |
| 0:18 | Crear | Villager (Male) |
| 0:19 | Crear | Villager (Male) |
| 0:19 | Crear | Villager (Male) |
| 0:19 | Crear | Villager (Male) |
| 0:20 | Crear | Villager (Male) |
| 0:33 | Construir | House |
| 0:34 | Construir | House |
| 1:31 | Construir | Lumber Camp |
| 1:33 | Crear | Villager (Male) |
| 2:03 | Crear | Villager (Male) |
| 2:33 | Crear | Villager (Male) |
| 3:18 | Crear | Villager (Male) |
| 3:18 | Crear | Villager (Male) |
| 3:19 | Crear | Villager (Male) |
| 3:45 | Crear | Villager (Male) |
| 4:03 | Crear | Villager (Male) |
| 4:03 | Crear | Villager (Male) |
| 4:34 | Crear | Villager (Male) |
| 4:44 | Construir | Mining Camp |
| 4:55 | Crear | Villager (Male) |
| 5:24 | Crear | Villager (Male) |
| 5:36 | Construir | Mill |
| 5:37 | Crear | Villager (Male) |
| 6:25 | Crear | Villager (Male) |
| 6:26 | Crear | Villager (Male) |
| 6:26 | Crear | Villager (Male) |
| 6:26 | Crear | Villager (Male) |
| 7:41 | Crear | Villager (Male) |
| 7:41 | Crear | Villager (Male) |
| 8:28 | Investigar | Feudal Age |
| 8:49 | Construir | Barracks |
| 10:56 | Edad | Edad Feudal |
| 11:00 | Construir | Stable |
| 11:03 | Construir | Blacksmith |
| 11:46 | Investigar | Double-Bit Axe |
| 12:02 | Investigar | Castle Age |
| 12:07 | Construir | Mining Camp |
| 12:14 | Construir | House |
| 12:15 | Construir | House |
| 12:16 | Construir | House |
| 12:16 | Construir | House |
| 12:56 | Construir | House |
| 13:05 | Investigar | Bloodlines |
| 13:32 | Construir | Farm |
| 13:38 | Construir | Farm |
| 13:55 | Crear | Villager (Male) |
| 14:21 | Construir | Farm |
| 14:42 | Edad | Edad de los Castillos |
| 14:44 | Construir | Monastery |
| 14:45 | Crear | Knight |
| 14:46 | Crear | Knight |
| 14:51 | Crear | Villager (Male) |
| 15:17 | Construir | Farm |
| 15:23 | Crear | Monk |
| 15:36 | Crear | Villager (Male) |
| 15:46 | Crear | Knight |
| 16:27 | Crear | Villager (Male) |
| 16:52 | Crear | Villager (Male) |
| 17:00 | Crear | Monk |
| 17:03 | Construir | Farm |
| 17:03 | Construir | Farm |
| 17:03 | Construir | Farm |
| 17:03 | Construir | Farm |
| 17:03 | Construir | Farm |
| 17:03 | Construir | Farm |
| 17:03 | Construir | Farm |
| 17:04 | Construir | Farm |
| 17:04 | Construir | Farm |
| 17:04 | Construir | Farm |
| 17:04 | Construir | Farm |
| 17:04 | Construir | Farm |
| 17:04 | Construir | Farm |
| 17:04 | Construir | Farm |
| 17:04 | Construir | Farm |
| 17:04 | Construir | Farm |
| 17:06 | Construir | Farm |
| 17:06 | Construir | Farm |
| 17:06 | Construir | Farm |
| 17:06 | Construir | Farm |
| 17:06 | Construir | Farm |
| 17:06 | Construir | Farm |
| 17:06 | Construir | Farm |
| 17:06 | Construir | Farm |
| 17:06 | Construir | Farm |
| 17:08 | Construir | Farm |
| 17:08 | Construir | Farm |
| 17:08 | Construir | Farm |
| 17:08 | Construir | Farm |
| 17:08 | Construir | Farm |
| 17:08 | Construir | Farm |
| 17:19 | Crear | Villager (Male) |
| 17:44 | Construir | Farm |
| 17:44 | Construir | Farm |
| 17:45 | Construir | Farm |
| 17:54 | Crear | Villager (Male) |
| 18:10 | Crear | Knight |
| 18:19 | Construir | Farm |
| 18:20 | Construir | Farm |
| 18:20 | Construir | Farm |
| 18:25 | Crear | Villager (Male) |
| 18:48 | Crear | Knight |
| 18:50 | Construir | Farm |
| 18:50 | Construir | Farm |
| 18:50 | Construir | Farm |
| 19:00 | Construir | Castle |
| 19:04 | Crear | Villager (Male) |
| 19:18 | Crear | Knight |
| 19:34 | Crear | Villager (Male) |
| 19:43 | Construir | Market |
| 19:57 | Crear | Villager (Male) |
| 20:06 | Crear | Knight |
| 20:24 | Crear | Villager (Male) |
| 20:28 | Construir | House |
| 20:54 | Crear | Petard |
| 20:55 | Crear | Petard |
| 20:58 | Crear | Knight |
| 21:00 | Construir | Farm |
| 21:00 | Construir | Farm |
| 21:00 | Construir | Farm |
| 21:00 | Construir | Farm |
| 21:00 | Construir | Farm |
| 21:00 | Construir | Farm |
| 21:00 | Construir | Farm |
| 21:04 | Construir | Farm |
| 21:04 | Construir | Farm |
| 21:04 | Construir | Farm |
| 21:04 | Construir | Farm |
| 21:04 | Construir | Farm |
| 21:04 | Construir | Farm |
| 21:04 | Construir | Farm |
| 21:04 | Construir | Farm |
| 21:05 | Construir | Farm |
| 21:05 | Construir | Farm |
| 21:05 | Construir | Farm |
| 21:05 | Construir | Farm |
| 21:05 | Construir | Farm |
| 21:05 | Construir | Farm |
| 21:05 | Construir | Farm |
| 21:10 | Crear | Villager (Male) |
| 21:36 | Crear | Knight |
| 21:37 | Crear | Leitis |
| 21:41 | Construir | Farm |
| 21:41 | Construir | Farm |
| 21:41 | Construir | Farm |
| 22:08 | Crear | Leitis |
| 22:09 | Crear | Knight |
| 22:22 | Crear | Leitis |
Cronología de la partida
| 8:49 | Drdolan2 · first_building Barracks |
| 10:56 | Drdolan2 · age_up feudal |
| 11:00 | Drdolan2 · first_building Stable |
| 11:01 | Nubsinc · age_up feudal |
| 14:39 | Nubsinc · age_up castle |
| 14:42 | Drdolan2 · age_up castle |
| 14:44 | Drdolan2 · first_building Monastery |
| 14:46 | Nubsinc · first_building Castle |
| 16:20 | Nubsinc · first_building Siege Workshop |
| 17:16 | Nubsinc · first_building Barracks |
| 19:00 | Drdolan2 · first_building Castle |
| 19:33 | Nubsinc · first_market_buy 100 wood |
| 20:51 | Drdolan2 · first_market_buy 100 food |
| 23:53 | Nubsinc · wall_segment Stone Wall x3 |
| 24:29 | Nubsinc · first_building Monastery |
| 24:43 | Nubsinc · wall_segment Stone Wall x7 |
| 25:04 | Nubsinc · resign |
[ ANÁLISIS IA · 1 CRÉDITO ]
¿Qué pasó realmente en esta partida?
Wolo.gg analiza cada decisión: build order, eco, micro, errores típicos por bracket. Análisis personalizado por WhatsApp o Discord en 30 segundos.
Guía civ
Indostaníes
Perfil
Nubsinc